 Dungeon Crawl Stone Soup version 0.31.0-12-g77e489cdc1 (webtiles) character file.

Game seed: 6371879841233990300

53 Aldia the Changeling (level 3, 0/27 HPs)
             Began as a Merfolk Shapeshifter on Feb 12, 2024.
             Killed from afar by Sigmund (9 damage)
             ... with a puff of flame
             ... on level 2 of the Dungeon.
             The game lasted 00:01:43 (997 turns).

Aldia the Changeling (Merfolk Shapeshifter)          Turns: 997, Time: 00:01:44

Health: 0/27       AC:  2    Str: 16    XL:     3   Next: 87%
Magic:  3/3        EV: 12    Int:  9    God:
Gold:   41         SH:  0    Dex: 13    Spells: 2/2 levels left

rFire   . .          .
                       - Unarmed
rCold   . . .        (no shield)
rNeg    . . .        a - +0 animal skin
rPois   .            (helmet currently unavailable)
rElec   .            (cloak currently unavailable)
rCorr   .            (gloves currently unavailable)
SInv    .            (boots currently unavailable)
Will    .....        (no amulet)
Stlth   +            (no ring)
HPRegen 0.24/turn    (no ring)
MPRegen 0.08/turn

%: no passive effects
@: beast-form
A: beast (slay +2), (nimble swimmer 2), mertail
a: Begin Untransformation


You were on level 2 of the Dungeon.
You were a hulking beast.
You visited 1 branch of the dungeon, and saw 2 of its levels.

You collected 41 gold pieces.

Inventory:

Armour
 a - a +0 animal skin (worn)
Talismans
 c - a beast talisman
 d - a flux talisman
Scrolls
 f - a scroll of fear {unknown}
Potions
 e - a potion of cancellation
 g - a potion of magic
 h - a potion of degeneration {unknown}


   Skills:
 + Level 1.9 Fighting
 - Level 3.0 Dodging
 * Level 4.0 Unarmed Combat
 * Level 4.7 Shapeshifting


You had 2 spell levels left.
You didn't know any spells.
Your spell library contained the following spells:

 Spells                   Type           Power      Damage    Failure   Level
 Foxfire                  Conj/Fire      0%         2x1d4     38%         1
 Plasma Beam              Fire/Air       0%         2x1d10    100%        6
 Starburst                Conj/Fire      0%         6d3       100%        6


Dungeon Overview and Level Annotations

Branches:
Dungeon (2/15)

Altars:

Annotations:
D:2 Sigmund


Innate Abilities, Weirdness & Mutations

You are a hulking beast.
Your limbs bulge with bestial killing power. (Slay +2)
((You are very nimble when in or above water. (Stealth+, EV+, Speed+++)))
Your lower body shifts to a powerful aquatic tail in water.


Message History

You punch the ball python!
You kill the ball python!
No target in view!
No target in view!
You see here a ball python corpse.
Found a ring mail.
No target in view!
A bat comes into view.
A bat is nearby!
A gnoll comes into view. It is wielding a +0 flail.
Found a stone staircase leading down.
The gnoll shouts!
You punch the bat!
You kill the bat!
You closely miss the gnoll. The gnoll hits you with a +0 flail!
You hit the gnoll.
The gnoll is moderately wounded.
The gnoll barely misses you.
You closely miss the gnoll.
The gnoll is moderately wounded.
The gnoll hits you with a +0 flail!
* * * LOW HITPOINT WARNING * * *
You are too injured to fight recklessly!
You are too injured to fight recklessly!
You are too injured to fight recklessly!
You closely miss the gnoll.
The gnoll is moderately wounded.
Sigmund the Dreaded comes into view.
He is wielding a +0 scythe.
The gnoll closely misses you.
Okay, then.
Okay, then.
You hit the gnoll.
The gnoll is severely wounded.
The gnoll barely misses you.
You hit the gnoll.
You kill the gnoll!
Sigmund gestures at you while chanting. The puff of flame hits you!
You die...
Sigmund begins carving another notch in his scythe.

##........#.
....... #
#..........#
##..#.# #.
...>.@.....
.......
#.##........#
###.....
#..#........##
#.##.#
#...)......#
#....#
#..........#
###.#..
##..[.....#.
....### ##h.##..##
...... #.## ....
###.. #.# ### #...
#.# #.##
#.#############.##
#...............##
#.###############
#.# ###


You could see Sigmund.

Vanquished Creatures
  A gnoll (D:2)
  A dart slug (D:1)
  3 endoplasms (D:1)
  5 hobgoblins (D:1)
  4 jackals (D:1)
  6 quokkas (D:1)
  5 ball pythons
  2 bats
  2 frilled lizards
  3 goblins (D:1)
  2 kobolds (D:1)
  3 rats (D:1)
37 creatures vanquished.

Notes
Turn   | Place    | Note
-------+----------+-------------------------------------------
     0 | D:1      | Aldia the Merfolk Shapeshifter began the quest for the Orb.
     0 | D:1      | Reached XP level 1. HP: 15/15 MP: 1/1
    97 | D:1      | Reached XP level 2. HP: 13/21 MP: 2/2
   311 | D:1      | Reached XP level 3. HP: 14/26 MP: 3/3
   993 | D:2      | Noticed Sigmund
   997 | D:2      | Killed from afar by Sigmund

Illustrated notes

Levels and vault maps discovered:
D:1:      minmay_arrival_diagonal_passages, layout_loops_cross,
          minmay_misc_feat_hallway
D:2:      minmay_evil_eye, layout_basic, st_stairs_5, minmay_misc_feat_columns,
          uniq_sigmund

Skill      XL: |  1  2  3 |
---------------+----------+-----
Dodging        | 3 |  3.0
Unarmed Combat | 4 |  4.0
Fighting       | |  1.9
Shapeshifting  | |  4.7

Action                     || total
---------------------------++-------
  Melee: Unarmed           ||   107
         Punch             ||     1
    Use: Potion            ||     1
         Scroll            ||     2
 Armour: Skin              ||   101
         Animal skin       ||    33
  Dodge: Dodged            ||    58
